 Dungeon Crawl Stone Soup version 0.32-a0-900-g30fb1b0edc (webtiles) character file.

Game seed: 17220951116828816383

29002 Goblin1989 the Grappler (level 13, -2/89 HPs)
             Began as a Demonspawn Shapeshifter on Apr 5, 2024.
             Was a High Priest of Hepliaklqana.
             Slain by an earth elemental (30 damage)
             ... in a volcano.
             The game lasted 00:41:42 (18240 turns).

Goblin1989 the Grappler (Demonspawn Shapeshifter)  Turns: 18240, Time: 00:41:42

Health: -2/89      AC: 17    Str: 25    XL:     13   Next: 12%
Magic:  16/16      EV: 11    Int: 10    God:    Hepliaklqana [*****.]
Gold:   1773       SH:  5    Dex: 14    Spells: 12/12 levels left

rFire   . .          .
                       - Unarmed
rCold   . . .        M - +0 buckler
rNeg    . . .        N - +4 chain mail
rPois   +            (helmet unavailable)
rElec   .            (cloak currently unavailable)
rCorr   .            m - melded +0 pair of gloves
SInv    +            Q - melded +0 pair of boots
Will    +....        (no amulet) Stlth
                     A - ring of poison resistance
HPRegen 0.34/turn    r - +6 ring of strength
MPRegen 0.15/turn

%: no passive effects
@: beast-form
A: beast (slay +4), reduced essence, antennae 3, slimy green scales 2, demonic
guardian 2, condensation shield, demonic willpower
a: Begin Untransformation, Renounce Religion, Recall Ancestor, Ancestor
Identity, Transference, Idealise


You were in a volcano.
You worshipped Hepliaklqana.
Hepliaklqana was extremely pleased with you.
You were a hulking beast.
You visited 3 branches of the dungeon, and saw 16 of its levels.
You also visited: Volcano.

You collected 1773 gold pieces.

Inventory:

Hand Weapons
 j - a +2 vampiric rapier
 T - the +7 falchion of Midsummer {venom, rF+ Dex+3}
   (You found it on level 10 of the Dungeon)

   Dex+3:     It affects your dexterity (+3).
   rF+:       It protects you from fire.
Missiles
 p - 4 javelins (quivered) {@Q3}
Armour
 m - a +0 pair of gloves (melded)
 M - a +0 buckler (worn)
 N - a +4 chain mail (worn)
 Q - a +0 pair of boots (melded)
Jewellery
 r - a +6 ring of strength (right hand)
 A - a ring of poison resistance (left hand)
 E - a ring of protection from cold
 V - a +6 ring of dexterity
 W - a ring of magical power
Talismans
 c - a beast talisman (active)
 d - a flux talisman
 P - a serpent talisman
Wands
 C - a wand of charming (28)
 D - a wand of mindburst (32)
 K - a wand of quicksilver (7)
 L - a wand of polymorph (4)
 S - a wand of flame (7) {@v1}
 U - a wand of digging (5) {@v3}
Scrolls
 f - a scroll of brand weapon
 g - 2 scrolls of fog
 i - 2 scrolls of fear
 k - 3 scrolls of torment {unknown}
 l - 5 scrolls of teleportation {!r, @r2}
 o - 4 scrolls of enchant weapon {unknown}
 q - 2 scrolls of immolation
 w - 2 scrolls of poison
 y - 4 scrolls of blinking {unknown}
 z - a scroll of noise {unknown}
 G - a scroll of butterflies {unknown}
 H - a scroll of silence {unknown}
 Y - 2 scrolls of identify {@r1}
Potions
 e - a potion of might {@q4}
 s - a potion of mutation {!q}
 t - 3 potions of enlightenment
 u - 3 potions of lignification
 x - 3 potions of attraction
 B - a potion of ambrosia
 F - a potion of heal wounds {@q2}
 I - a potion of berserk rage
 J - 3 potions of curing {@q1}
 O - 2 potions of invisibility
 R - a potion of brilliance
 X - 3 potions of magic
 Z - a potion of haste {unknown}


   Skills:
 + Level 8.7 Fighting
 - Level 7.4 Armour
 + Level 9.0 Dodging
 - Level 4.0 Shields
 * Level 10.3 Unarmed Combat
 - Level 5.0 Invocations
 + Level 10.1 Shapeshifting


You had 12 spell levels left.
You didn't know any spells.
Your spell library contained the following spells:

 Spells                   Type           Power      Damage    Failure   Level
 Necrotise                Necr           0%         1d4       90%         1
 Sandblast                Erth           0%         2d4       90%         1
 Ensorcelled Hibernation  Hex/Ice        0%         N/A       97%         2
 Sublimation of Blood     Necr           0%         N/A       97%         2
 Call Canine Familiar     Summ           0%         N/A       99%         3
 Passwall                 Erth           0%         N/A       99%         3
 Sigil of Binding         Hex            0%         N/A       99%         3
 Stone Arrow              Conj/Erth      0%         3d7       99%         3
 Summon Ice Beast         Ice/Summ       0%         N/A       99%         3
 Swiftness                Air            0%         N/A       99%         3
 Vampiric Draining        Necr           0%         2d6       99%         3
 Brom's Barrelling Bould  Conj/Erth      0%         2d3       100%        4
 Dimensional Bullseye     Hex/Tloc       0%         N/A       100%        4
 Martyr's Knell           Necr/Summ      0%         N/A       100%        4
 Petrify                  Alch/Erth      0%         N/A       100%        4
 Summon Blazeheart Golem  Fire/Summ      0%         N/A       100%        4
 Curse of Agony           Necr           0%         N/A       100%        5
 Irradiate                Conj/Alch      0%         3d11      100%        5
 Summon Mana Viper        Hex/Summ       0%         N/A       100%        5
 Monstrous Menagerie      Summ           0%         N/A       100%        7
 Orb of Destruction       Conj           0%         9d5       100%        7
 Spellforged Servitor     Conj/Summ      0%         N/A       100%        7


Dungeon Overview and Level Annotations

Branches:
Dungeon (11/15) Zot: 26266  Temple (0/1) D:5            Lair (4/5) D:9 Zot: 19239
 Shoals (0/4) Lair:3        Snake (1/4) Lair:2 Zot: 5998     Orc (0/2) D:10
Volcano (1/1) Zot: 5564
  Slime: Lair:4-5

Altars:
Gozag
Hepliaklqana
Kikubaaqudgha
Uskayaw
Vehumet
Xom
Yredelemnul

Shops:
D:1 =

Annotations:
D:3 1 runed translucent door, Crazy Yiuf


Innate Abilities, Weirdness & Mutations

You are a hulking beast.
Your limbs bulge with bestial killing power. (Slay +4)
Your life essence is reduced to manifest your ancestor. (-10% HP)
You have a pair of large antennae on your head. (SInv)
You are mostly covered in slimy green scales. (AC +3)
A demonic guardian rushes to your aid.
A meltable shield of frost defends you. (SH +0)
You punish those that try to bend your will. (Will+)


Message History

You see here a +3 scimitar of flaming.
You see here a +0 morningstar.
You open the door.
There is an open door here.
You see here a +0 flail.
The lindwurm roars! x2
There are monsters nearby!
The lindwurm breathes flames at you. The blast of flame hits you!
Your condensation shield dissipates!
There is an open door here.
You see here a +0 mace.
You take 12 damage, and have 77/89 hp.
The lindwurm breathes flames at you. The blast of flame hits you.
You see here a +0 flail.
You take 4 damage, and have 73/89 hp.
Ezidio hits the lindwurm with a +0 quarterstaff!
Ezidio barely misses the lindwurm.
Ezidio hits the lindwurm with a +0 quarterstaff!
The lindwurm bites Ezidio but does no damage.
The lindwurm claws Ezidio.
The lindwurm misses Ezidio.
Ezidio hits the lindwurm with a +0 quarterstaff!!
Ezidio hits the lindwurm with a +0 quarterstaff!
The lindwurm dies!
Ezidio hits the lindwurm with a +0 quarterstaff.
The lindwurm bites Ezidio but does no damage.
The lindwurm claws Ezidio but does no damage.
The lindwurm claws Ezidio.
What are your orders? t - Shout!
Orders for allies: a - Attack new target. r - Retreat! s - Stop attacking. g - Guard the area. f - Follow me.
Anything else - Cancel.
Gang up on whom?
Press: ? - help, Dir - move target, f - lindwurm
Aim: a lindwurm (lightly wounded, ally target) Attack!
Ezidio casts a spell at the lindwurm.
The stone arrow hits the lindwurm!
The lindwurm bites Ezidio.
The lindwurm claws Ezidio but does no damage.
The lindwurm barely misses Ezidio.
Ezidio closely misses the lindwurm.
The lindwurm breathes flames at you. The blast of flame hits you!
You take 13 damage, and have 64/89 hp.
Ezidio closely misses the lindwurm.
The lindwurm barely misses Ezidio. x2
The lindwurm claws Ezidio.
The lindwurm bites Ezidio!!
The lindwurm barely misses Ezidio.
The lindwurm claws Ezidio but does no damage.
Ezidio hits the lindwurm with a +0 quarterstaff!
The lindwurm bites Ezidio!
The lindwurm claws Ezidio.
The lindwurm closely misses Ezidio.
Ezidio hits the lindwurm with a +0 quarterstaff!!
The lindwurm dies!
You open the door.
An earth elemental and a molten gargoyle come into view.
There is an open door here.
You hit the earth elemental but do no damage.
Ezidio completely misses the molten gargoyle.
The molten gargoyle barely misses Ezidio.
You hit the earth elemental but do no damage.
The molten gargoyle hits Ezidio with a +0 mace.
Ezidio is engulfed in flames.
Ezidio resists.
You block the earth elemental's attack.
Ezidio hits the molten gargoyle with a +0 quarterstaff!
You punch the earth elemental!
The earth elemental is moderately damaged.
Ezidio hits the molten gargoyle with a +0 quarterstaff.
The molten gargoyle blasts magma at you!
The bolt of magma hits Ezidio!
Ezidio partially resists.
Ezidio is destroyed!
The bolt of magma hits you!
You take 16 damage, and have 51/89 hp.
You barely miss the earth elemental.
The earth elemental is moderately damaged.
The earth elemental closely misses you.
The molten gargoyle blasts magma at you!
The bolt of magma misses you.
You hit the earth elemental but do no damage.
The earth elemental is moderately damaged.
You punch the earth elemental!
The earth elemental is heavily damaged.
The earth elemental closely misses you.
You hit the earth elemental.
The earth elemental is severely damaged.
The molten gargoyle hits you with a +0 mace!
* * * LOW HITPOINT WARNING * * *
You are engulfed in flames!
* * * LOW HITPOINT WARNING * * *
A demonic guardian appears!
You take 25 damage, and have 27/89 hp.
MASSIVE DAMAGE!!
You punch the molten gargoyle!
You destroy the molten gargoyle!
The earth elemental hits you!!
You die...
Hepliaklqana delivers you to your ancestors.

███...§≈██
{
██...§≈≈≈≈█
█...≈≈≈§≈≈█
█..≈≈§≈§.≈█
██...≈§≈≈██
███...≈≈≈█
███..3██ {
████∆█


█)h█{ █.E██ { █..█ █... █.... ██.. { ██. You could see an earth elemental (ally
target) and a friendly soul eater (summoned).

Vanquished Creatures
  3 death yaks (Lair:1)
  Nergalle (Lair:3)
  A cyclops (D:11)
  3 elephants (Lair:3)
  3 black mambas
  4 molten gargoyles (Volcano)
  2 cane toads
  An unseen horror (D:10)
  2 rime drakes
  2 komodo dragons (Lair:1)
  An efreet (Volcano)
  A blink frog (Lair:2)
  3 slime creatures (D:8)
  A shadow (D:11)
  3 wyverns
  19 yaks
  A fire elemental (Volcano)
  A steam dragon (D:7)
  A vampire mosquito (D:10)
  A basilisk (Lair:3)
  An acid dragon (D:11)
  3 nagas (Lair:2)
  Duvessa (D:7)
  A water moccasin (Lair:2)
  4 orc warriors
  An ogre (D:6)
  8 wolves
  2 phantoms
  3 bullfrogs
  A gnoll sergeant (D:8)
  A scorpion (D:5)
  5 wights
  8 killer bees
  3 howler monkeys (D:10)
  An electric eel (D:11)
  4 bombardier beetles
  7 orc priests
  2 hounds
  3 jellies
  A sleepcap (D:6)
  A human zombie (D:8)
  5 iguanas
  6 hell rats (Lair:1)
  8 orc wizards
  3 ogre zombies (D:8)
  4 hound zombies (D:8)
  4 howler monkey zombies (D:8)
  2 adders
  5 gnolls
  10 river rats (Lair:1)
  A white imp (D:7)
  An ufetubus (D:7)
  2 dart slugs
  A ribbon worm (D:2)
  36 orcs
  9 ball pythons
  15 bats
  5 endoplasms
  3 giant cockroaches
  10 goblins
  7 hobgoblins
  4 jackals (D:2)
  5 kobolds
  8 quokkas
  7 frilled lizards
  7 rats
283 creatures vanquished.

Vanquished Creatures (collateral kills)
  A hydra (Lair:3)
  Erica (D:11)
  A two-headed ogre (D:10)
  2 lindwurms (Volcano)
  An elephant (Lair:3)
  2 black mambas
  A molten gargoyle (Volcano)
  A rime drake (Lair:2)
  2 cane toads
  A kobold demonologist (D:10)
  2 trolls (D:10)
  A hornet (D:10)
  4 blink frogs (Lair:2)
  2 slime creatures (D:8)
  A vampire (D:11)
  11 yaks
  A wyvern (Lair:3)
  A wraith (D:11)
  A basilisk (Lair:2)
  A warg (D:9)
  2 steam dragons
  A naga (Lair:1)
  6 water moccasins
  2 orc warriors
  2 ogres (D:5)
  A black bear (D:6)
  6 wolves
  A weeping skull (D:8)
  4 bullfrogs
  A scorpion (D:6)
  5 wights
  Dowan (D:7)
  4 killer bees
  2 bombardier beetles
  An electric eel (Lair:2)
  4 howler monkeys (D:10)
  A centaur zombie (D:8)
  A hound (D:6)
  2 jellies
  4 orc priests (D:9)
  A sleepcap (D:5)
  8 orc wizards
  A gnoll (D:8)
  2 adders
  8 river rats (Lair:1)
  An ufetubus (D:7)
  An adder zombie (D:8)
  21 orcs
  A quokka (Lair:1)
  2 rats (Lair:1)
135 creatures vanquished.

Vanquished Creatures (others)
  An iguana (D:7)
  10 battlemagi
  An ancestor (D:6)
12 creatures vanquished.

Grand Total: 430 creatures vanquished

Notes
Turn   | Place    | Note
-------+----------+-------------------------------------------
     0 | D:1      | Goblin1989 the Demonspawn Shapeshifter began the quest for
                  | the Orb.
     0 | D:1      | Reached XP level 1. HP: 15/15 MP: 1/1
   269 | D:1      | Gained mutation: You are partially covered in slimy green
                  | scales. (AC +2) [demonic ancestry]
   269 | D:1      | Reached XP level 2. HP: 15/21 MP: 2/2
   527 | D:1      | Gained mutation: You have a pair of small antennae on your
                  | head. [demonic ancestry]
   527 | D:1      | Reached XP level 3. HP: 15/26 MP: 3/3
   635 | D:1      | Found Egamib's Jewellery Emporium.
  1556 | D:2      | Gained mutation: You have a pair of antennae on your head.
                  | [demonic ancestry]
  1556 | D:2      | Reached XP level 4. HP: 29/32 MP: 4/4
  2059 | D:3      | Noticed an angel
  2061 | D:3      | Found a shimmering altar of Xom.
  2267 | D:3      | Reached XP level 5. HP: 36/37 MP: 5/5
  2281 | D:3      | Found an ancient bone altar of Kikubaaqudgha.
  2281 | D:3      | Found a hazy altar of Hepliaklqana.
  2288 | D:3      | Became a worshipper of Hepliaklqana the Forgotten
  2553 | D:3      | Found a runed translucent door.
  2554 | D:3      | Noticed Crazy Yiuf
  3683 | D:4      | Gained mutation: A meltable shield of frost defends you.
                  | (SH +0) [demonic ancestry]
  3683 | D:4      | Reached XP level 6. HP: 10/43 MP: 6/6
  4515 | D:4      | Reached skill level 5 in Unarmed Combat
  4699 | D:4      | Reached * piety under Hepliaklqana
  4720 | D:4      | Reached XP level 7. HP: 33/43 MP: 7/7
  4834 | D:5      | Entered Level 5 of the Dungeon
  4890 | D:5      | Reached skill level 5 in Shapeshifting
  4962 | D:5      | Found an opulent altar of Gozag.
  4967 | D:5      | Found a radiant altar of Vehumet.
  5482 | D:5      | Found a staircase to the Ecumenical Temple.
  5708 | D:5      | Gained mutation: A weak demonic guardian rushes to your
                  | aid. [demonic ancestry]
  5708 | D:5      | Reached XP level 8. HP: 48/48 MP: 8/8
  6129 | D:6      | Reached ** piety under Hepliaklqana
  6307 | D:6      | Reached skill level 1 in Armour
  6313 | D:6      | Remembered your ancestor Ezidio as a battlemage
  6562 | D:6      | Found a hide-covered altar of Uskayaw.
  6926 | D:7      | Reached skill level 5 in Dodging
  7281 | D:7      | Gained mutation: You are mostly covered in slimy green
                  | scales. (AC +3) [demonic ancestry]
  7281 | D:7      | Reached XP level 9. HP: 26/56 MP: 9/9
  7674 | D:7      | Noticed Dowan
  7675 | D:7      | Noticed Duvessa
  7687 | D:7      | Killed Duvessa
  7688 | D:7      | Killed Dowan
  7928 | D:8      | Reached skill level 1 in Invocations
  8917 | D:8      | Reached *** piety under Hepliaklqana
  8934 | D:8      | Found a basalt altar of Yredelemnul.
  8985 | D:8      | Gained mutation: A demonic guardian rushes to your aid.
                  | [demonic ancestry]
  8985 | D:8      | Reached XP level 10. HP: 60/65 MP: 12/12
 10014 | D:9      | Reached skill level 5 in Fighting
 10119 | D:9      | Reached skill level 1 in Shields
 10481 | D:9      | Reached skill level 5 in Invocations
 10662 | D:9      | Found a staircase to the Lair.
 11329 | D:10     | Entered Level 10 of the Dungeon
 11329 | D:10     | Noticed a two-headed ogre
 11335 | D:10     | Killed a two-headed ogre
 11341 | D:10     | Gained mutation: You punish those that try to bend your
                  | will. (Will+) [demonic ancestry]
 11341 | D:10     | Reached XP level 11. HP: 59/72 MP: 14/14
 11424 | D:10     | Reached skill level 5 in Armour
 11766 | D:10     | Found a staircase to the Orcish Mines.
 11877 | D:10     | Identified the +7 falchion of Midsummer {venom, rF+ Dex+3}
 12275 | D:10     | You fall into a shaft and drop 1 floor!
 12518 | D:11     | Reached **** piety under Hepliaklqana
 12612 | D:11     | Noticed Erica
 12621 | D:11     | Killed Erica
 12622 | D:11     | Reached skill level 10 in Unarmed Combat
 12901 | D:11     | Noticed a purple ugly thing
 13001 | Lair:1   | Entered Level 1 of the Lair of Beasts
 13519 | Lair:1   | Noticed a death yak
 13519 | Lair:1   | Noticed a death yak
 13520 | Lair:1   | Noticed a death yak
 13529 | Lair:1   | Killed a death yak
 13535 | Lair:1   | Killed a death yak
 13550 | Lair:1   | Killed a death yak
 13551 | Lair:1   | Gained mutation: You have a pair of large antennae on your
                  | head. (SInv) [demonic ancestry]
 13551 | Lair:1   | Reached XP level 12. HP: 30/80 MP: 15/15
 14453 | Lair:2   | Found a staircase to the Snake Pit.
 14508 | Lair:1   | HP: 1/81 [naga/+0 battleaxe (19)]
 14741 | Lair:1   | Identified a scroll of acquirement
 14742 | Lair:1   | Acquired 686 gold pieces
 16442 | Snake:1  | Entered Level 1 of the Snake Pit
 16570 | Lair:3   | Noticed a five-headed hydra
 16573 | Lair:3   | Killed a five-headed hydra
 16758 | Lair:3   | Found a staircase to the Shoals.
 17425 | Lair:3   | Reached ***** piety under Hepliaklqana
 17498 | Lair:3   | Noticed Nergalle
 17508 | Lair:3   | Killed Nergalle
 17509 | Lair:3   | Reached skill level 10 in Shapeshifting
 17794 | Lair:4   | Found a dark tunnel.
 17801 | Volcano  | Entered a volcano
 17801 | Volcano  | Found a burning altar of Makhleb.
 17815 | Volcano  | Reached XP level 13. HP: 46/89 MP: 16/16
 18240 | Volcano  | Slain by an earth elemental

Illustrated notes

Levels and vault maps discovered:
D:1:      dpeg_arrival_solitude, layout_loops_corners, serial_shops,
          nicolae_shop_gaudy_bauble, minmay_surrounded
D:2:      layout_basic, glass_columns_a, grunt_decor_arrowhead,
          kennysheep_flooded_box, serial_bayou_lake_a
D:3:      layout_loops_ring, grunt_temple_overflow_order_and_chaos_1,
          gammafunk_temple_overflow_pools, roderic_batcave,
          uniq_crazy_yiuf_cottage
D:4:      layout_basic
D:5:      layout_basic, grunt_temple_overflow_diamond,
          minmay_temple_entry_drinking_statues, minivault_1,
          serial_bayou_pond_d, minmay_misc_feat_tiny, amcnicky_mini_pool_small,
          hangedman_abyss_or_decor_slice, corexii_corridor_pit
D:6:      layout_cave_pools, kennysheep_little_box, minmay_holes
D:7:      layout_loops_ring, uniq_duvessa
D:8:      layout_basic, special_room [special_room_orc],
          roadster_capsule_ark_zombie
D:9:      layout_small_grid, erik_lair_orcish_takeover
D:10:     layout_loops_ring, orc_0_dummy, minmay_circle_x
D:11:     layout_irregular_city, nicolae_water_bricks, uniq_erica
Lair:1:   lemuel_ratsnest, layout_cave_shapes, minivault_27
Lair:2:   layout_cave_pods, minmay_snake_entry_guardpost_small,
          nicolae_quartered_pool_super, fungi_pond_lemuel, lemuel_fruit_tree,
          serial_bayou_shore_a
Lair:3:   layout_regular_city, shoals_dummy_entry, uniq_nergalle
Lair:4:   layout_misc_corridors, enter_volcano_2, grunt_megastairs_2
Snake:1:  layout_basic, nicolae_shop_overcharged_wands, minmay_shoptagon
Volcano:  volcano_aerie

Skill      XL: |  1  2  3  4  5  6  7  8  9 10 11 12 13 |
---------------+----------------------------------------+-----
Unarmed Combat | 3 4 5 7 8 9 10 | 10.3
Shapeshifting  | 3 4 5 6 7 8 10 | 10.1
Dodging        | 2 3 4 5 6 7 8 9 |  9.0
Armour         | 2 3 4 6 7 |  7.4
Fighting       | 3 4 5 6 8 |  8.7
Invocations    | 3 5 |  5.0
Shields        | 2 4 |  4.0

Action                     |  1- 3 |  4- 6 |  7- 9 | 10-12 | 13-15 || total
---------------------------+-------+-------+-------+-------+-------++-------
  Melee: Unarmed           |   145 |   176 |   224 |   610 |    22 ||  1177
         Punch             |     2 |     2 |     9 |     3 |       ||    16
         Constrict         |       |       |       |     7 |       ||     7
 Invoke: Recall Ancestor   |       |       |     1 |     3 |       ||     4
         Ancestor Life: Ba |       |       |     1 |       |       ||     1
         Ancestor Identity |       |       |       |     1 |       ||     1
  Evoke: Wand              |       |       |       |     9 |       ||     9
    Use: Potion            |       |     3 |       |     4 |       ||     7
         Scroll            |       |       |       |    18 |       ||    18
   Stab: Sleeping          |     1 |     1 |     1 |       |       ||     3
         Distracted        |       |       |     2 |     4 |     2 ||     8
 Armour: Animal skin       |    81 |    95 |    47 |       |       ||   223
         Skin              |       |     2 |       |    34 |       ||    36
         Scale mail        |       |       |    72 |    44 |       ||   116
         Chain mail        |       |       |       |   389 |    12 ||   401
  Dodge: Dodged            |   102 |   105 |    93 |   287 |    11 ||   598
  Block: Other             |       |     4 |    31 |    11 |       ||    46
         Buckler           |       |       |       |   243 |     3 ||   246
   Form: Beast             |       |       |       |     4 |       ||     4
         Flux              |       |       |       |     2 |       ||     2
         Serpent           |       |       |       |     2 |       ||     2

Table legend: (Time is in decaauts)
 A = Elapsed time spent in this place.
 B = Non-inter-level travel time spent in this place.
 C = Inter-level travel time spent in this place.
 D = Time resting spent in this place.
 E = Time spent auto-exploring this place.
 F = Levels seen in this place.
 G = Mean time per level.
                   A        B        C        D        E       F      G
               +--------+--------+--------+--------+--------+-----+--------+
         Total |  18155 |  17043 |   1112 |   3046 |  11292 |  17 | 1067.9 |
       Dungeon |  12958 |  12077 |    881 |   2193 |   7831 |  11 | 1178.0 |
          Lair |   4761 |   4530 |    231 |    558 |   3408 |   4 | 1190.2 |
     Snake Pit |      1 |      1 |      0 |      0 |      0 |   1 |    1.0 |
       Volcano |    434 |    434 |      0 |    295 |     53 |   1 |  434.0 |
               +--------+--------+--------+--------+--------+-----+--------+

Top non-repeatable levels by time:
     D:8: 2223 daAuts
  Lair:2: 1968 daAuts
  Lair:1: 1780 daAuts
     D:3: 1648 daAuts
     D:4: 1282 daAuts
     D:5: 1187 daAuts
    D:10: 1067 daAuts
     D:6: 1063 daAuts
     D:9: 1040 daAuts
     D:2: 1015 daAuts
     D:1: 977 daAuts
  Lair:3: 959 daAuts
     D:7: 874 daAuts
    D:11: 577 daAuts
 Volcano: 434 daAuts
